 Dungeon Crawl Stone Soup version 0.18.1-48-g4cf74bf (webtiles) character file.

376 Johnny the Skirmisher (level 6, -2/67 HPs)
             Began as an Ogre Fighter on Sept 11, 2016.
             Shot with an arrow by a centaur (15 damage)
             ... on level 3 of the Dungeon.
             The game lasted 00:04:50 (2461 turns).

Johnny the Skirmisher (Ogre Fighter)                Turns: 2461, Time: 00:04:50

Health: -2/67      AC:  3    Str: 22    XL:     6   Next: 73%
Magic:  6/6        EV:  5    Int:  8    God:
Gold:   286        SH:  9    Dex: 15    Spells: 0 memorised, 5 levels left

rFire  . . .     SeeInvis .     a - +1 flail
rCold  . . .     Gourm    .     b - +0 robe
rNeg   . . .     Faith    .     c - +0 shield
rPois  .         Spirit   .     (helmet restricted)
rElec  .         Dismiss  .     (no cloak)
rCorr  .         Reflect  .     (gloves unavailable)
SustAt .         Harm     .     (boots unavailable)
MR     .....                    (no amulet)
Stlth  +.........               (no ring)
                                m - +5 ring of dexterity

@: not resistant to hostile enchantments, very unstealthy
A: unfitting armour, tough skin 1
a: no special abilities


You were on level 3 of the Dungeon.
You were not hungry.

You visited 1 branch of the dungeon, and saw 3 of its levels.

You collected 286 gold pieces.

Inventory:

Hand Weapons
 a - a +1 flail (weapon)
 e - a +0 great mace
Armour
 b - a +0 robe (worn)
 c - a +0 shield (worn)
Jewellery
 m - a +5 ring of dexterity (left hand)
 r - an uncursed ring of stealth {unknown}
Wands
 p - a wand of digging (11/24)
Scrolls
 h - a scroll of amnesia
 k - a scroll of remove curse {unknown}
 l - 2 scrolls of enchant weapon
 n - a scroll of immolation {unknown}
 q - 2 scrolls of identify
Potions
 g - a potion of heal wounds
 i - a potion of curing
Books
 o - a book of Necromancy

   Spells                             Type                      Level
   a - Pain                           Necromancy                   1
   b - Animate Skeleton               Necromancy                   1
   c - Vampiric Draining              Necromancy                   3
   d - Regeneration                   Charms/Necromancy            3
   e - Animate Dead                   Necromancy                   4
   f - Control Undead                 Necromancy                   4
Comestibles
 f - 2 bread rations
 j - 2 fruits


   Skills:
 + Level 5.7 Fighting
 + Level 4.9 Maces & Flails
 + Level 4.2 Dodging
 + Level 4.0 Shields


You had 5 spell levels left.
You didn't know any spells.

Dungeon Overview and Level Annotations

Branches:
Dungeon (3/15)

Altars:
Qazlal
Vehumet


Innate Abilities, Weirdness & Mutations

You are too large for most types of armour.
You have tough skin (AC +1).


Message History

The centaur shoots an arrow.
The arrow hits you!
The orc priest mumbles some strange prayers to Beogh against you.
Beogh smites you!
The centaur shoots an arrow.
The arrow closely misses you.
A hobgoblin comes into view. It is wielding a club.
You see here an arrow.
The centaur shoots an arrow.
You block the arrow.
You see here an arrow.
The centaur shoots an arrow.
The arrow closely misses you.
The orc priest invokes the aid of Beogh against you.
Beogh smites you!
* * * LOW HITPOINT WARNING * * *
The orc hits you but does no damage.
The centaur shoots an arrow.
You block the arrow.
You see here an arrow.
The centaur shoots an arrow.
The arrow hits you!
* * * LOW HITPOINT WARNING * * *
You see here an arrow.
There is a stone staircase leading up here.
The centaur shoots an arrow.
The arrow hits you!
You die...

.##,*###########.##.## #........
....,...............#####........
....#########...........#........
,#...#### #.......###..........
,*#.....## ###...#.####......(..
**##.†((.#####o...#.....#........
*##....(oo..o..c..#####).........
*#......(.....##(........†......#
*#.........(#..#@........'...####
*#........(.##.#.#......#'#..#*
##.........###...#.....##.##..#**
...........###...#....##.8.##...,
##............#..#..)##.....*#...
#.........##.#.....##.(.'...*#..
#.........##.......#...#'#...#..
#.....†...####.....'8.##.##.8+.#
#.........# ##....#.##...##,#.#


You could see a centaur and an orc.

Vanquished Creatures
  Grinder (D:3)
  An orc wizard (D:3)
  Ijyb (D:3)
  An adder (D:3)
  An ooze (D:3)
  2 worms (D:2)
  2 dart slugs
  A giant gecko (D:1)
  3 orcs (D:3)
  2 ball pythons (D:1)
  2 giant cockroaches (D:1)
  15 goblins
  11 hobgoblins
  4 jackals (D:3)
  7 kobolds
  2 quokkas
  6 bats
  4 giant newts
  10 rats
76 creatures vanquished.

Notes
Turn   | Place    | Note
--------------------------------------------------------------
     0 | D:1      | Johnny the Ogre Fighter began the quest for the Orb.
     0 | D:1      | Reached XP level 1. HP: 24/24 MP: 1/1
   265 | D:1      | Reached XP level 2. HP: 30/32 MP: 2/2
   759 | D:1      | Reached XP level 3. HP: 39/39 MP: 3/3
  1175 | D:2      | Found a stormy altar of Qazlal.
  1176 | D:2      | Noticed an air elemental
  1179 | D:2      | Noticed an earth elemental
  1182 | D:2      | Noticed a fire elemental
  1182 | D:2      | Noticed a water elemental
  1202 | D:2      | Found a radiant altar of Vehumet.
  1742 | D:3      | Noticed Grinder
  1756 | D:3      | Paralysed by Grinder for 3 turns
  1769 | D:3      | Killed Grinder
  1769 | D:3      | Reached skill level 5 in Fighting
  1769 | D:3      | Reached XP level 4. HP: 50/50 MP: 4/4
  1769 | D:3      | Reached XP level 5. HP: 57/57 MP: 5/5
  1769 | D:3      | Reached XP level 6. HP: 66/66 MP: 6/6
  2189 | D:3      | Noticed Ijyb
  2210 | D:3      | Killed Ijyb
  2461 | D:3      | Shot with an arrow by a centaur

Skill      XL: |  1  2  3  4  5  6 |
---------------+-------------------+-----
Maces & Flails | 3 4 |  4.9
Dodging        | 3 4 |  4.2
Shields        | 3 4 |  4.0
Fighting       | 5 |  5.7

Action                   |  1- 3 |  4- 6 || total
-------------------------+-------+-------++-------
Melee: Flail             |   117 |   101 ||   218
  Use: Potion            |     7 |       ||     7
       Scroll            |     3 |     2 ||     5
 Stab: Sleeping          |     2 |       ||     2
  Eat: Chunk             |     3 |     2 ||     5
Armor: Robe              |    31 |    29 ||    60
       Skin              |    31 |    11 ||    42
Dodge: Dodged            |    36 |    48 ||    84
Block: Shield            |    66 |    56 ||   122
